 Dungeon Crawl Stone Soup version 0.29.1-15-g9cfb28693d (webtiles) character file.

Game seed: 8825407313559731579

63 Heoruswealwe the Conjurer (level 3, 0/19 HPs)
             Began as a Deep Elf Conjurer on Mar 16, 2023.
             Killed by nerve-wracking pain
             ... invoked by Grinder
              (11 damage)
             ... on level 3 of the Dungeon.
             The game lasted 00:24:57 (2089 turns).

Heoruswealwe the Conjurer (Deep Elf Conjurer)       Turns: 2089, Time: 00:24:58

Health: 0/19       AC:  2    Str:  4    XL:     3   Next: 89%
Magic:  11/11      EV: 12    Int: 24    God:
Gold:   108        SH:  0    Dex: 13    Spells: 8/11 levels left

rFire   + . .      SeeInvis .   a - +0 long sword
rCold   . . .      Faith    .   (no shield)
rNeg    . . .      Spirit   .   b - +0 robe
rPois   .          Reflect  .   (no helmet)
rElec   .          Harm     .   (no cloak)
rCorr   .          Rampage  .   (no gloves)
Will    .....                   (no boots)
Stlth   ++........              (no amulet)
HPRegen 0.06/turn               f - ring of protection from fire
MPRegen 0.12/turn               (no ring)

@: no status effects
A: no striking features
a: no special abilities


You were on level 3 of the Dungeon.
You visited 1 branch of the dungeon, and saw 3 of its levels.

You collected 108 gold pieces.

Inventory:

Hand Weapons
 a - a +0 long sword (weapon)
Armour
 b - a +0 robe (worn)
Jewellery
 f - a ring of protection from fire (left hand)
Scrolls
 d - 2 scrolls of fear
 e - a scroll of teleportation
Potions
 c - a potion of brilliance
 g - a potion of curing
 i - a potion of degeneration {unknown}
 k - a potion of heal wounds {unknown}


   Skills:
 - Level 2.4 Dodging
 - Level 2.4 Stealth
 + Level 4.6 Spellcasting
 + Level 5.3 Conjurations


You had 8 spell levels left.
You knew the following spells:

 Your Spells              Type           Power      Damage    Failure   Level
a - Magic Dart            Conj           100%       1d8       1%          1
b - Searing Ray           Conj           62%        2d6       1%          2

Your spell library contained the following spells:

 Spells                   Type           Power      Damage    Failure   Level
 Foxfire                  Conj/Fire      72%        2x1d7     3%          1
 Conjure Flame            Conj/Fire      18%        6-21      10%         3
 Dazzling Flash           Conj/Hex       36%        N/A       10%         3
 Inner Flame              Hex/Fire       5%         N/A       28%         3
 Flame Wave               Conj/Fire      18%        2d7       30%         4
 Fulminant Prism          Conj/Hex       9%         3d7       30%         4
 Iskenderun's Mystic Bla  Conj/Tloc      18%        2d6       30%         4


Dungeon Overview and Level Annotations

Branches:
Dungeon (3/15)

Altars:
Ru

Annotations:
D:3 Grinder


Message History

Confirm with . or Enter, or press ? or * to list all spells.
Aiming: Searing Ray (safe; 1% risk of failure)
Press: ? - help, Shift-Dir - straight line, f/p - Grinder
Aim: Grinder (lightly wounded, 77% to hit)
The searing ray hits Grinder!
Grinder is moderately wounded. (Press . to maintain the ray.) Grinder gestures at you.
Pain shoots through your body!
The searing ray hits Grinder.
Grinder is moderately wounded.
The searing ray hits Grinder!
Grinder is heavily wounded.
The searing ray hits Grinder.
Grinder is heavily wounded.
You finish channelling your searing ray.
Grinder misses you.
Casting: Searing Ray (safe; 1% risk of failure)
Confirm with . or Enter, or press ? or * to list all spells.
Aiming: Searing Ray (safe; 1% risk of failure)
Press: ? - help, Shift-Dir - straight line, f/p - Grinder
Aim: Grinder (heavily wounded, 77% to hit)
The searing ray misses Grinder. (Press . to maintain the ray.) Grinder blinks!
Grinder gestures at you.
You suddenly lose the ability to move!
You can move again.
Casting: Searing Ray (safe; 1% risk of failure)
Confirm with . or Enter, or press ? or * to list all spells.
Aiming: Magic Dart (safe; 1% risk of failure)
Press: ? - help, Shift-Dir - straight line, f/p - Grinder
Aim: Grinder (heavily wounded, 100% to hit)
The magic dart hits Grinder but does no damage.
Grinder is heavily wounded.
Magic courses through your body. Grinder gestures at you.
Pain shoots through your body!
Ouch! That really hurt!
You die...

#.# ....
.....
....)#
..[5###
#...##
#..## ##..#
##@#
##.######
#.......#
#.......#
#.......###
#.†........
#..<....###
#.......#
#########


You could see Grinder.

Vanquished Creatures
  An adder (D:2)
  A worm (D:2)
  2 dart slugs (D:2)
  An orc (D:3)
  7 bats
  4 endoplasms
  A goblin (D:1)
  2 hobgoblins (D:1)
  9 jackals (D:1)
  4 kobolds
  3 quokkas
  3 ball pythons
  2 frilled lizards
  3 rats
43 creatures vanquished.

Notes
Turn   | Place    | Note
-------+----------+-------------------------------------------
     0 | D:1      | Heoruswealwe the Deep Elf Conjurer began the quest for the
                  | Orb.
     0 | D:1      | Reached XP level 1. HP: 10/10 MP: 6/6
   338 | D:1      | Reached XP level 2. HP: 9/15 MP: 3/8
   341 | D:1      | Learned a level 2 spell: Searing Ray
   507 | D:1      | Found a faded altar of an unknown god.
   511 | D:1      | Prayed at the altar of an unknown god.
   511 | D:1      | Became a worshipper of Ru the Awakened
   513 | D:1      | Fell from the grace of Ru
   731 | D:1      | Reached skill level 5 in Conjurations
   731 | D:1      | Reached XP level 3. HP: 17/19 MP: 2/10
  2074 | D:3      | Noticed Grinder
  2085 | D:3      | Paralysed by Grinder for 2 turns
  2089 | D:3      | Killed from afar by Grinder

Illustrated notes

Levels and vault maps discovered:
D:1:      evilmike_arrival_plus, layout_basic,
          shapermc_ecumenical_altar_mp_vishouse, kennysheep_nondescript,
          kennysheep_pointless_box
D:2:      layout_rooms, serial_co_window_serial, co_window_paths_b,
          co_window_of_opportunity_a, co_window_of_opportunity_a,
          co_window_of_opportunity_a, co_window_paths_b, co_window_paths_b,
          co_window_paths_a, co_window_paths_a, co_window_cross_1,
          co_window_corner_ca, co_window_broadway_c, co_window_2corner,
          co_window_of_opportunity_c, co_window_broadway_b, co_window_4corner_a,
          co_window_paths_e, glass_columns_a, glass_columns_a,
          minmay_pentomino_p2
D:3:      layout_rooms, kennysheep_donut, uniq_grinder

Skill      XL: |  1  2 |
---------------+-------+-----
Spellcasting   | 4 |  4.6
Conjurations   | 5 |  5.3
Dodging        | |  2.4
Stealth        | |  2.4

Action                   || total
-------------------------++-------
Melee: Short sword       ||     1
       Long sword        ||     2
 Cast: Magic Dart        ||    85
       Searing Ray       ||     3
Invok: Renounce Religion ||     1
  Use: Scroll            ||     5
       Potion            ||     1
Armor: Robe              ||     2
Dodge: Dodged            ||    16
